Map: Ulrena

Players

TTS - Winner!

  • Race: Protoss Protoss
  • League: Platinum

Loser

  • Race: Terran Terran
  • League: Master

VOD

Have the link to the VOD?

Description

Time

  • Played on: Feb. 24, 2016, 12:29 a.m.
  • Length: 6:25
Show
View Real Time Build Order
Export as new Build Order

TTS Protoss - Winner!

Build Orders: Oracle Opening, Mass Adepts 

Get SALT Encoding   

  12  0:02  Probe (Chrono Boost)  
  13  0:15  Pylon  
  13  0:19  Probe (Chrono Boost)  
  14  0:29  Probe (Chrono Boost)  
  15  0:36  Gateway  
  15  0:40  Probe (Chrono Boost)  
  16  0:48  Assimilator  
  16  0:50  Probe (Chrono Boost)  
  16  0:54  Assimilator  
  17  1:01  Probe (Chrono Boost)  
  18  1:06  Pylon  
  18  1:14  Probe (Chrono Boost)  
  19  1:25  Cybernetics Core  
  19  1:26  Probe (Chrono Boost)  
  20  1:36  Pylon, Probe (Chrono Boost)  
  21  1:47  Probe (Chrono Boost)  
  22  1:57  Probe (Chrono Boost)  
  23  2:02  Stargate  
  23  2:04  Adept  
  25  2:21  Warp Gate (Chrono Boost)  
  25  2:31  Adept  
  27  2:37  Pylon  
  27  2:42  Gateway  
  27  2:45  Gateway  
  27  2:49  Oracle (Chrono Boost)  
  30  3:02  Gateway  
  30  3:21  Void Ray (Chrono Boost)  
  34  3:58  Void Ray (Chrono Boost)  
  38  4:19  Pylon  
  34  4:26  Adept  
  34  4:27  Adept x3  
  42  4:36  Void Ray (Chrono Boost)  
  43  4:50  Adept x3  
  43  4:51  Adept  
  51  4:59  Pylon  
  51  5:18  Adept x3  
  57  5:24  Adept  
  59  5:47  Adept  
  59  5:48  Adept  
  63  5:54  Adept  
  61  6:01  Adept  
  43  6:17  Adept x2  
  43  6:18  Adept  
Show
View Real Time Build Order
Export as new Build Order

Loser Terran 

Build Orders: Reaper Expand 

Get SALT Encoding   

  12  0:00  SCV  
  13  0:13  SCV  
  14  0:18  Supply Depot  
  14  0:25  SCV  
  15  0:39  SCV  
  15  0:40  Barracks  
  16  0:44  Refinery  
  16  0:51  SCV  
  17  1:03  SCV  
  18  1:15  SCV  
  19  1:28  Reaper  
  19  1:30  Orbital Command  
  20  1:42  Command Center  
  20  1:55  Supply Depot  
  20  1:56  SCV  
  21  2:06  Barracks Reactor  
  21  2:08  SCV  
  22  2:20  SCV  
  23  2:24  Barracks  
  23  2:26  Factory  
  23  2:32  SCV  
  24  2:52  SCV, Marine x2  
  24  2:55  Orbital Command, Refinery  
  27  3:03  Engineering Bay  
  27  3:04  SCV  
  28  3:11  Marine x2  
  28  3:12  Barracks Tech Lab  
  29  3:15  Widow Mine, Bunker  
  29  3:16  SCV  
  32  3:29  Bunker  
  32  3:31  Marine x2  
  30  3:37  Marine  
  28  3:44  Widow Mine  
  27  3:49  Marine  
  27  3:55  Marine  
  29  3:56  Marauder  
  29  3:59  SCV  
  29  4:12  Widow Mine, SCV  
  32  4:17  Marine x2  
  32  4:20  Marine  
  35  4:28  SCV  
  35  4:29  Missile Turret  
  36  4:33  SCV  
  36  4:35  Marine  
  38  4:41  Widow Mine, SCV  
  39  4:45  SCV  
  39  4:47  Marine  
  41  4:53  SCV  
  41  4:58  SCV  
  43  5:04  Supply Depot  
  43  5:07  SCV  
  43  5:08  Starport  
  43  5:13  SCV  
  45  5:19  SCV  
  46  5:21  Supply Depot  
  46  5:26  SCV  
  47  5:31  SCV  
  47  5:35  Factory Reactor, Missile Turret  
  48  5:38  SCV  
  49  5:48  Marine x2  
  49  5:49  Marauder  
Tags
 
Add a new tag
Caveats
  • Supply blocks, unpowered buildings, or Contaminate may cause inaccurate times.
  • Supply counts are checked every 10 seconds.